 Dungeon Crawl Stone Soup version 0.27.1-3-gb3d3a73c9e (webtiles) character file.

Game seed: 16216215374440473150

408 trigross the Poker (level 6, 0/55 HPs)
             Began as a Minotaur Chaos Knight on Oct 9, 2021.
             Was a Plaything of Xom.
             Slain by Dowan (1 damage)
             ... on level 4 of the Dungeon.
             The game lasted 00:12:17 (3526 turns).

trigross the Poker (Minotaur Chaos Knight)          Turns: 3526, Time: 00:12:18

Health: 0/55       AC: 14    Str: 26      XL:     6   Next: 57%
Magic:  5/5        EV:  7    Int:  8 (9)  God:    Xom [..*...]
Gold:   160        SH:  0    Dex: 10      Spells: 5/5 levels left

rFire    . . .     SeeInvis .   g - +4 quarterstaff of Zustri {pain, rCorr}
rCold    . . .     Faith    .   (shield currently unavailable)
rNeg     . . .     Spirit   .   c - +0 plate armour
rPois    .         Reflect  .   (helmet restricted)
rElec    .         Harm     .   (no cloak)
rCorr    +         Rampage  .   f - +1 pair of gloves {Stlth+}
Will     .....                  (no boots)
Stlth    ..........             (no amulet)
HPRegen  0.18/turn              m - +6 ring of strength
MPRegen  0.09/turn              (no ring)

@: lethally poisoned (0 -> -16)
A: horns 2, retaliatory headbutt, deterioration 1, strong 1
a: Renounce Religion


You were on level 4 of the Dungeon.
You worshipped Xom.
You were a toy of Xom.
You visited 1 branch of the dungeon, and saw 4 of its levels.

You collected 160 gold pieces.

Inventory:

Hand Weapons
 a - a +0 spear of chaos
 g - the +4 quarterstaff of Zustri (weapon) {pain, rCorr}
   (You found it on level 4 of the Dungeon)

   In the hands of one skilled in necromantic magic, it inflicts extra damage on
   living creatures.
   rCorr:     It protects you from acid and corrosion.
 k - a +0 hunting sling
Missiles
 d - 5 silver javelins (quivered)
 e - 4 boomerangs
Armour
 b - a +2 leather armour
 c - a +0 plate armour (worn)
 f - a +1 pair of gloves of stealth (worn)
Jewellery
 m - a +6 ring of strength (left hand)
Scrolls
 h - a scroll of magic mapping
 i - a scroll of summoning
 j - 2 scrolls of teleportation
 l - 3 scrolls of identify


   Skills:
 * Level 4.9 Fighting
 * Level 6.2 Polearms
 * Level 1.0(4.0) Staves
 + Level 2.0 Throwing
 + Level 4.8 Armour
 + Level 1.8 Dodging


You had 5 spell levels left.
You didn't know any spells.
Your spell library contained the following spells:

 Spells                   Type           Power      Damage    Failure   Level
 Gell's Gravitas          Tloc           0%         N/A       100%        3
 Lesser Beckoning         Tloc           0%         N/A       100%        3
 Teleport Other           Tloc           0%         N/A       100%        3


Dungeon Overview and Level Annotations

Branches:
Dungeon (4/15)
 Temple: D:4-7

Altars:

Shops:
D:2 (

Annotations:
D:4 Dowan


Innate Abilities, Weirdness & Mutations

You have a pair of horns on your head.
You reflexively headbutt those who attack you in melee.
Your body sometimes deteriorates upon taking damage.
Your muscles are strong. (Str +2)


Message History

You are poisoned.
You hit Duvessa but do no damage. You headbutt Duvessa!
Duvessa is moderately wounded.
You feel very sick.
Duvessa hits you with a +5 short sword of venom!
You are more poisoned.
Duvessa hits you with a +5 short sword of venom!
Your body deteriorates!
You feel dopey.
You are lethally poisoned!
You sock Duvessa! You headbutt Duvessa, but do no damage.
Duvessa is heavily wounded.
You feel extremely sick. Duvessa barely misses you.
You sock Duvessa! Your headbutt misses Duvessa.
Duvessa is severely wounded.
* * * LOW HITPOINT WARNING * * *
You feel very sick. Duvessa hits you but does no damage.
You are more poisoned.
Dowan hits you but does no damage.
You sock Duvessa!
You kill Duvessa!
Dowan screams, "No!
Oh no!"
Dowan seems to find hidden reserves of power!
* * * LOW HITPOINT WARNING * * *
Your body deteriorates!
You feel dopey.
You feel extremely sick. Dowan hits you but does no damage.
The endoplasm hits you but does no damage.
You feel your intelligence returning.
Your Polearms skill increases to level 6!
Your base Staves skill increases to level 1!
Your Throwing skill increases to level 2!
You aren't carrying any potions.
You closely miss Dowan.
* * * LOW HITPOINT WARNING * * *
You feel very sick. Dowan hits you with a +0 dagger.
You die...
Xom is highly amused!

#.#..# ..##.## .# #..# ##
##.# # #.##### ######....##
###...........
##...########......####..#
........e@Jr........####..
.....#..###..........#....
......#.....###........#.#
.......####J###........#.#
[......###....#.......##.#
..............##.......#.#
........ยง..#####.....#...#
(.......#### #..(....#...
.......## #.......####


You could see Dowan (fast), an endoplasm and a quokka.

Vanquished Creatures
  Duvessa (D:4)
  A necrophage (D:4)
  A wyvern zombie (D:4)
  An orc priest (D:3)
  6 adders
  A dart slug (D:1)
  5 orcs
  6 endoplasms
  3 giant cockroaches
  9 goblins
  6 hobgoblins
  3 jackals (D:1)
  8 kobolds
  2 quokkas
  3 ball pythons
  5 bats
  5 frilled lizards
  7 rats
  A spectral hobgoblin (D:1)
74 creatures vanquished.

Vanquished Creatures (others)
  9 plants (D:3)
9 creatures vanquished.

Grand Total: 83 creatures vanquished

Notes
Turn   | Place    | Note
-------+----------+-------------------------------------------
     0 | D:1      | trigross the Minotaur Chaos Knight began the quest for the
                  | Orb.
     0 | D:1      | Reached XP level 1. HP: 19/19 MP: 0/0
   141 | D:1      | Found a faded altar of an unknown god.
   187 | D:1      | Reached XP level 2. HP: 27/27 MP: 1/1
   237 | D:1      | XOM: potion effect (haste)
   251 | D:1      | Reached skill level 4 in Polearms
   340 | D:1      | XOM: potion effect (invisibility)
   373 | D:1      | XOM: 2-stop teleportation journey
   790 | D:1      | Reached XP level 3. HP: 33/33 MP: 2/2
   802 | D:1      | XOM: divination: detect items
  1023 | D:1      | XOM: silly message
  1407 | D:2      | Found Eblucwoc's Weapon Boutique.
  1495 | D:2      | XOM: noise
  1510 | D:2      | Reached XP level 4. HP: 34/40 MP: 3/3
  1564 | D:2      | XOM: divination: detect items
  1707 | D:2      | XOM: silly message
  1727 | D:2      | Gained mutation: Your body sometimes deteriorates upon
                  | taking damage. [potion of mutation]
  1727 | D:2      | Gained mutation: Your muscles are strong. (Str +2) [potion
                  | of mutation]
  2124 | D:3      | Reached skill level 5 in Polearms
  2244 | D:3      | Reached skill level 1 in Throwing
  2617 | D:3      | Reached XP level 5. HP: 47/47 MP: 4/4
  2635 | D:3      | XOM: silly message
  3204 | D:4      | Noticed a necrophage
  3216 | D:4      | Killed a necrophage
  3217 | D:4      | Reached XP level 6. HP: 45/53 MP: 5/5
  3228 | D:4      | Identified the +4 quarterstaff of Zustri {pain, rCorr}
  3389 | D:4      | XOM: silly message
  3505 | D:4      | Noticed Duvessa
  3507 | D:4      | Noticed Dowan
  3525 | D:4      | Killed Duvessa
  3526 | D:4      | Reached skill level 6 in Polearms
  3526 | D:4      | Reached skill level 1 in Staves
  3526 | D:4      | HP: 1/55 [poisoned by Duvessa]
  3526 | D:4      | Slain by Dowan

Illustrated notes

Levels and vault maps discovered:
D:1:      psy_arrival_terrarium, layout_basic,
          dreamdust_ecumenical_altar_drowned_temple
D:2:      layout_rooms, serial_shops, nicolae_lakefront_shop
D:3:      layout_loops_corners, minmay_misc_feat_enclosed,
          serial_bayou_lagoon_a, minmay_misc_feat_square, minmay_ruptured
D:4:      layout_rooms, uniq_duvessa

Skill      XL: |  1  2  3  4  5  6 |
---------------+-------------------+-----
Fighting       | 4 |  4.9
Polearms       | 4 5 6 |  6.2
Armour         | 3 4 |  4.8
Throwing       | 1 2 |  2.0
Staves         | 1 |  1.0
Dodging        | |  1.8

Action                   |  1- 3 |  4- 6 || total
-------------------------+-------+-------++-------
Melee: Spear             |    91 |    76 ||   167
       Headbutt          |    11 |    18 ||    29
       Quarterstaff      |       |    12 ||    12
Throw: Javelin           |    29 |    15 ||    44
  Use: Scroll            |     2 |     5 ||     7
       Potion            |     1 |     4 ||     5
 Stab: Invisible         |     1 |       ||     1
Armor: Plate armour      |    49 |    50 ||    99
Dodge: Dodged            |    25 |    23 ||    48
